 Dungeon Crawl Stone Soup version 0.23.2-1-ga50397a (webtiles) character file.

Game seed: 18103567675837107156

37 MalarOregon the Sneak (level 3, 0/19 HPs)
             Began as a Tengu Enchanter on May 12, 2019.
             Slain by a quokka (5 damage)
             ... on level 2 of the Dungeon.
             The game lasted 00:02:09 (1073 turns).

MalarOregon the Sneak (Tengu Enchanter)             Turns: 1073, Time: 00:02:10

Health: 0/19       AC:  3    Str:  9    XL:     3   Next: 39%
Magic:  6/7        EV: 12    Int: 15    God:
Gold:   66         SH:  0    Dex: 14    Spells: 5/6 levels left

rFire    . . .     SeeInvis .   a - +1 dagger
rCold    . . .     Gourm    .   (no shield)
rNeg     . . .     Faith    .   b - +0 robe
rPois    .         Spirit   .   (helmet restricted)
rElec    .         Reflect  .   (no cloak)
rCorr    .         Harm     .   f - +0 pair of gloves
MR       .....                  (boots unavailable)
Stlth    +++.......             (no amulet)
HPRegen  0.06/turn              (no ring)
MPRegen  0.10/turn              (no ring)

@: no status effects
A: beak, talons 3
a: no special abilities


You were on level 2 of the Dungeon.
You were not hungry.

You visited 1 branch of the dungeon, and saw 2 of its levels.

You collected 66 gold pieces.

Inventory:

Hand Weapons
 a - a +1 dagger (weapon)
Armour
 b - a +0 robe (worn)
 f - a +0 pair of gloves (worn)
   (You found it on level 1 of the Dungeon)
Wands
 g - a wand of polymorph (11)
   (You found it on level 2 of the Dungeon)
Comestibles
 d - 4 chunks of flesh
 e - 2 rations {!d}


   Skills:
 + Level 2.5 Short Blades
 - Level 2.1 Dodging
 + Level 3.8 Stealth
 - Level 2.0 Spellcasting
 - Level 2.1 Hexes


You had 5 spell levels left.
You knew the following spells:

 Your Spells              Type           Power        Failure   Level  Hunger
a - Corona                Hex            #......      9%          1    #......

Your spell library contained the following spells:

 Spells                   Type           Power        Failure   Level  Hunger
 Ensorcelled Hibernation  Hex/Ice        #.....       22%         2    ###....
 Confuse                  Hex            #.......     26%         3    ###....
 Tukima's Dance           Hex            #.......     26%         3    ###....
 Dazzling Spray           Conj/Hex       #.....       38%         3    ###....


Dungeon Overview and Level Annotations

Branches:
Dungeon (2/15)

Altars:


Innate Abilities, Weirdness & Mutations

You have a beak for a mouth.
You have claws for feet.


Message History

You barely miss the adder. You claw the adder, but do no damage.
Your peck misses the adder.
You feel sick. The adder bites you.
You hit the adder. You claw the adder, but do no damage.
The adder barely misses you.
You closely miss the adder. Your peck misses the adder.
The adder barely misses you.
You hit the adder.
You feel sick. The adder closely misses you.
You hit the adder but do no damage. The adder bites you.
* * * LOW HITPOINT WARNING * * *
You hit the adder. You peck the adder. The adder barely misses you.
You closely miss the adder. Your kick misses the adder.
You feel sick. The adder bites you.
* * * LOW HITPOINT WARNING * * *
The adder barely misses you.
You hit the adder.
You kill the adder!
Unknown command.
It was a potion of brilliance.
You feel clever all of a sudden.
The hobgoblin throws a stone.
The stone barely misses you.
It was a potion of might.
You feel very mighty all of a sudden.
You barely miss the hobgoblin.
* * * LOW HITPOINT WARNING * * *
You feel sick.
The hobgoblin hits you but does no damage.
You hit the hobgoblin.
You kill the hobgoblin!
You start resting.
* * * LOW HITPOINT WARNING * * *
You feel sick.
You start resting.
You feel sick.
You are no longer poisoned.
You start resting.
Some of the chunks of flesh in your inventory have rotted away.
The quokka is too close now for your liking.
You see here an adder skeleton.
You start resting.
You feel a little less mighty now.
You start resting.
You feel a little less clever now.
You start resting.
The quokka is too close now for your liking.
Aim: a quokka (chance to defeat MR: 61%)
The quokka is outlined in light.
You completely miss the quokka. You claw the quokka.
The quokka closely misses you.
You hit the quokka but do no damage. The quokka bites you.
You die...

###### #@..)# #r...#
#....#
################....#
.......รท............#
##############......##
# #####.........
#####.....########
##.........#


You could see a quokka.

Vanquished Creatures
  2 adders (D:2)
  2 dart slugs (D:1)
  3 goblins
  4 hobgoblins
  A bat (D:2)
  A frilled lizard (D:2)
  3 rats
16 creatures vanquished.

Vanquished Creatures (others)
  A goblin (D:1)
1 creature vanquished.

Grand Total: 17 creatures vanquished

Notes
Turn   | Place    | Note
-------+----------+-------------------------------------------
     0 | D:1      | MalarOregon the Tengu Enchanter began the quest for the
                  | Orb.
     0 | D:1      | Reached XP level 1. HP: 10/10 MP: 4/4
   133 | D:1      | Reached XP level 2. HP: 15/15 MP: 6/6
   875 | D:2      | Reached XP level 3. HP: 13/19 MP: 7/7
  1073 | D:2      | Slain by a quokka

Skill      XL: |  1  2 |
---------------+-------+-----
Short Blades   | 2 |  2.5
Dodging        | |  2.1
Stealth        | |  3.8
Spellcasting   | |  2.0
Hexes          | |  2.1

Action                   || total
-------------------------++-------
Melee: Dagger            ||    52
       Kick              ||    13
       Peck              ||     4
 Cast: Corona            ||     1
  Use: Potion            ||     2
 Stab: Sleeping          ||     1
Armor: Robe              ||     5
Dodge: Dodged            ||    31
